 Dungeon Crawl Stone Soup version 0.30-a0-739-gea05faddec (webtiles) character file.

Game seed: 13502156617183427991

1029 jimonade the Magician (level 8, 0/52 HPs)
             Began as a Djinni Hedge Wizard on Feb 4, 2023.
             Slain by a two-headed ogre
             ... wielding a +0 giant spiked club
              (16 damage)
             ... on level 6 of the Dungeon.
             The game lasted 00:13:36 (5125 turns).

jimonade the Magician (Djinni Hedge Wizard)         Turns: 5125, Time: 00:13:37

Health: 0/52       AC:  9    Str: 11    XL:     8   Next: 47%
Gold:   324        EV: 11    Int: 16    God:
                   SH:  0    Dex: 13

rFire   + + .      SeeInvis .    a - +4 quarterstaff (chaos)
rCold   x . .      Faith    .    (shield currently unavailable)
rNeg    + . .      Spirit   .    H - +0 ring mail
rPois   ∞          Reflect  .    c - +0 hat
rElec   .          Harm     .    G - +2 cloak {rPois}
rCorr   .          Rampage  .    o - +0 pair of gloves
Will    .....                    (boots unavailable)
Stlth   +                        (no amulet)
HPRegen 0.28/turn                E - ring of positive energy
MPRegen 0.00/turn                (no ring)

@: flying
A: sickness immunity, fire resistance 2, cold vulnerability 1, float, innate
caster, HP casting, extra vitality 1
a: no special abilities


You were on level 6 of the Dungeon.
You visited 1 branch of the dungeon, and saw 6 of its levels.
You also visited: Sewer.

You collected 324 gold pieces.

Inventory:

Hand Weapons
 a - a +4 quarterstaff of chaos (weapon)
 b - a +0 sling
 m - a +0 quarterstaff
 v - a +5 whip
 F - a +2 dagger of speed
Missiles
 k - 6 poisoned darts
 D - 4 curare-tipped darts
Armour
 c - a +0 hat (worn)
 o - a +0 pair of gloves (worn)
 t - a +0 leather armour
 G - a +2 cloak of poison resistance (worn)
 H - a +0 ring mail (worn)
Jewellery
 E - a ring of positive energy (left hand)
Wands
 r - a wand of polymorph (7)
 s - a wand of quicksilver (11)
Scrolls
 f - a scroll of fear {unknown}
 g - a scroll of enchant weapon {unknown}
 h - 8 scrolls of identify {unknown}
 p - a scroll of noise {unknown}
 u - a scroll of magic mapping {unknown}
 x - 2 scrolls of torment {unknown}
 y - 2 scrolls of vulnerability {unknown}
Potions
 d - 3 potions of magic
 i - a potion of ambrosia {unknown}
 j - 3 potions of berserk rage {unknown}
 n - 6 potions of heal wounds {unknown}
 q - a potion of curing {unknown}
 w - 2 potions of attraction {unknown}
 z - 2 potions of resistance {unknown}
 A - 2 potions of invisibility {unknown}
 B - 2 potions of haste {unknown}
 C - 2 potions of mutation {unknown}


   Skills:
 + Level 1.0 Fighting
 - Level 0.7 Short Blades
 + Level 2.9 Dodging
 - Level 1.5 Stealth
 * Level 7.3 Spellcasting


You had 6 spell levels left.
You knew the following spells:

 Your Spells              Type           Power      Damage    Failure   Level
a - Magic Dart            Conj           100%       1d8       1%          1
b - Slow                  Hex            100%       N/A       1%          1
c - Blink                 Tloc           58%        N/A       2%          2
d - Call Imp              Summ           29%        N/A       2%          2
e - Mephitic Cloud        Conj/Pois/Air  29%        N/A       4%          3
f - Freeze                Ice            100%       1d10      1%          1
g - Searing Ray           Conj           58%        2d6       2%          2
h - Frozen Ramparts       Ice            58%        1d9       4%          3
Your spell library was empty.

Dungeon Overview and Level Annotations

Branches:
Dungeon (6/15)              Sewer (visited)
 Temple: D:4-7

Altars:
Fedhas
Gozag
Nemelex Xobeh
Qazlal
Ru
Uskayaw

Annotations:
D:3 exclusion: oklob plant


Innate Abilities, Weirdness & Mutations

You are immune to sickness and miasma.
You are immune to poison.
Your flesh is very heat resistant. (rF++)
You are vulnerable to cold. (rC-)
You float through the air rather than walking.
You learn spells naturally, not from books.
Your magical power is your life essence.
You have superior vitality. (+4 MHP)


Message History

The two-headed ogre laughs crazily.
Casting: Magic Dart (safe; 1% risk of failure)
Confirm with . or Enter, or press ? or * to list all spells.
Aiming: Searing Ray (safe; 2% risk of failure)
Press: ? - help, Shift-Dir - straight line, f/p - two-headed ogre
Aim: a two-headed ogre, wielding a +0 giant spiked club and a +0 giant club (lightly wounded, confused, 98% to hit)
The searing ray hits the two-headed ogre.
The two-headed ogre is moderately wounded. (Press . to maintain the ray.)
The searing ray hits the two-headed ogre!
The two-headed ogre is moderately wounded.
An iguana comes into view.
The searing ray hits the two-headed ogre.
The two-headed ogre is moderately wounded.
The two-headed ogre hits you with a +0 giant spiked club!
The two-headed ogre hits you with a +0 giant club!
The iguana hisses angrily.
Casting: Searing Ray (safe; 2% risk of failure)
Confirm with . or Enter, or press ? or * to list all spells.
A shadowy apparition takes form in the air.
You swap places.
The two-headed ogre seems less confused.
The two-headed ogre closely misses your shadow imp.
The two-headed ogre hits your shadow imp with a +0 giant club!
Your shadow imp dies!
Your shadow imp disappears in a puff of smoke!
Casting: Call Imp (safe; 2% risk of failure)
Confirm with . or Enter, or press ? or * to list all spells.
Aiming: Searing Ray (safe; 2% risk of failure)
Press: ? - help, Shift-Dir - straight line, f/p - two-headed ogre
Aim: a two-headed ogre, wielding a +0 giant spiked club and a +0 giant club (moderately wounded, 90% to hit)
The searing ray hits the two-headed ogre.
The two-headed ogre is moderately wounded. (Press . to maintain the ray.)
The searing ray hits the two-headed ogre.
The two-headed ogre is heavily wounded.
The searing ray hits the two-headed ogre!
The two-headed ogre is severely wounded.
The two-headed ogre hits you with a +0 giant spiked club!
You die...

## #.. ### ... ..# #.#
#.# #.# #.# #.# #.#
##..######.#########.#
.......@Ol......<....#
##..#####..####).....#
.#####.#####......###
......................
..###..######.....####
..... #....:# .###l#
#.....# #. ###.....#
.. #.......#


You could see a two-headed ogre and an iguana.

Vanquished Creatures
  Menkaure (D:5)
  A sky beast (D:4)
  An ogre (D:5)
  2 phantoms (D:4)
  A necrophage (D:5)
  A hound (D:5)
  3 jellies
  An orc priest (D:5)
  Crazy Yiuf (D:5)
  2 iguanas
  Ijyb (D:3)
  An orc wizard (D:5)
  A gnoll (D:2)
  6 adders
  2 river rats
  An ufetubus (D:4)
  3 worms
  3 dart slugs
  3 orcs
  6 endoplasms
  9 giant cockroaches
  13 goblins
  4 hobgoblins
  3 jackals (D:2)
  4 quokkas
  18 ball pythons
  11 bats
  5 frilled lizards
  6 kobolds
  9 rats
123 creatures vanquished.

Vanquished Creatures (collateral kills)
  A hound (D:4)
1 creature vanquished.

Grand Total: 124 creatures vanquished

Notes
Turn   | Place    | Note
-------+----------+-------------------------------------------
     0 | D:1      | jimonade the Djinni Hedge Wizard began the quest for the
                  | Orb.
     0 | D:1      | jimonade set off with the following spells memorised: Magic
                  | Dart, Slow, Blink, Call Imp, Mephitic Cloud.
     0 | D:1      | Reached XP level 1. HP: 15/15 MP: 0/0
   129 | D:1      | Reached XP level 2. HP: 18/21 MP: 0/0
   243 | D:1      | Reached skill level 3 in Spellcasting
   383 | D:1      | Reached XP level 3. HP: 23/25 MP: 0/0
   383 | D:1      | Learned a level 1 spell: Freeze
   920 | D:2      | Reached XP level 4. HP: 28/31 MP: 0/0
  1553 | D:2      | Reached skill level 4 in Spellcasting
  1770 | D:2      | Reached XP level 5. HP: 27/35 MP: 0/0
  1770 | D:2      | Learned a level 2 spell: Searing Ray
  1851 | D:3      | Found a stormy altar of Qazlal.
  1870 | D:3      | Found a hide-covered altar of Uskayaw.
  1887 | D:3      | Noticed Ijyb
  1952 | D:3      | Killed Ijyb
  2021 | D:3      | Found an opulent altar of Gozag.
  2181 | D:3      | Found a sacrificial altar of Ru.
  2232 | D:3      | Found a blossoming altar of Fedhas.
  2243 | D:3      | Noticed an oklob plant
  2503 | D:4      | Noticed a sky beast
  2522 | D:4      | Killed a sky beast
  2523 | D:4      | Reached skill level 5 in Spellcasting
  2523 | D:4      | Reached XP level 6. HP: 25/40 MP: 0/0
  2858 | D:4      | Reached XP level 7. HP: 42/46 MP: 0/0
  2858 | D:4      | Learned a level 3 spell: Frozen Ramparts
  3126 | D:4      | Found a glowing drain.
  3140 | Sewer    | Entered a sewer
  3398 | Sewer    | Reached skill level 6 in Spellcasting
  3428 | Sewer    | Found a viscous altar of Jiyva.
  3794 | D:5      | Entered Level 5 of the Dungeon
  3824 | D:5      | Noticed Menkaure
  3839 | D:5      | Killed Menkaure
  3840 | D:5      | Reached skill level 1 in Fighting
  3840 | D:5      | Reached XP level 8. HP: 41/52 MP: 0/0
  4014 | D:5      | Found a runed translucent door.
  4015 | D:5      | Noticed Crazy Yiuf
  4317 | D:5      | Reached skill level 7 in Spellcasting
  4445 | D:5      | Found a sparkling altar of Nemelex Xobeh.
  4579 | D:5      | Killed Crazy Yiuf
  5109 | D:6      | Noticed a two-headed ogre
  5125 | D:6      | Slain by a two-headed ogre

Illustrated notes

Levels and vault maps discovered:
D:1:      roderic_dead_forest, layout_rooms
D:2:      minmay_inner_zag, layout_basic, st_stairs_11
D:3:      layout_rooms, mainiacjoe_overflow_alcove_2, tgw_fedhas,
          mainiacjoe_overflow_catwalk, mainiacjoe_overflow_large_starburst,
          mainiacjoe_overflow_cross_hatched, uniq_ijyb
D:4:      nicolae_cairo_tiling_very_big, layout_loops_ring, portal_sewer_entry_b
D:5:      layout_rooms, nemelex_dance_club_becter, uniq_menkaure,
          uniq_crazy_yiuf_cottage
D:6:      layout_basic, mainiacjoe_overflow_alcove_4, temple_doors_cd,
          enter_ossuary_2

Skill      XL: |  1  2  3  4  5  6  7  8 |
---------------+-------------------------+-----
Spellcasting   | 3 4 5 6 7 |  7.3
Fighting       | 1 |  1.0
Short Blades   | |  0.7
Dodging        | |  2.9
Stealth        | |  1.5

Action                     |  1- 3 |  4- 6 |  7- 9 || total
---------------------------+-------+-------+-------++-------
  Melee: Dagger            |       |     6 |     2 ||     8
   Cast: Magic Dart        |    85 |    69 |    57 ||   211
         Freeze            |     7 |     7 |       ||    14
         Mephitic Cloud    |       |     1 |     2 ||     3
         Searing Ray       |       |    16 |    26 ||    42
         Call Imp          |       |     2 |     4 ||     6
         Frozen Ramparts   |       |       |     6 ||     6
 Armour: Robe              |     3 |    10 |     4 ||    17
         Skin              |       |     3 |       ||     3
  Dodge: Dodged            |    14 |    16 |    11 ||    41

Table legend: (Time is in decaauts)
 A = Elapsed time spent in this place.
 B = Non-inter-level travel time spent in this place.
 C = Inter-level travel time spent in this place.
 D = Time resting spent in this place.
 E = Time spent auto-exploring this place.
 F = Levels seen in this place.
 G = Mean time per level.
                   A        B        C        D        E       F      G
               +--------+--------+--------+--------+--------+-----+--------+
         Total |   5104 |   4883 |    221 |    403 |   3716 |   7 |  729.1 |
       Dungeon |   4739 |   4518 |    221 |    403 |   3438 |   6 |  789.8 |
         Sewer |    364 |    364 |      0 |      0 |    278 |   1 |  364.0 |
               +--------+--------+--------+--------+--------+-----+--------+

Top non-repeatable levels by time:
     D:5: 1283 daAuts
     D:2: 1103 daAuts
     D:4: 952 daAuts
     D:1: 696 daAuts
     D:3: 659 daAuts
   Sewer: 364 daAuts
     D:6: 44 daAuts
